[Event "IV Estrellas 2022"]
[Site "La Palma"]
[Date "2022.08.07"]
[Round "3.8"]
[White "Kurajica, Bojan"]
[Black "Rodriguez Bittar, Karim Javier"]
[Result "1-0"]
[ECO "D43"]
[WhiteElo "2525"]
[BlackElo "1881"]
[Annotator "TA"]
[PlyCount "59"]
[EventDate "2022.08.06"]
[EventType "swiss"]
[EventCountry "ESP"]
[SourceTitle "playchess.com"]
[Source "ChessBase"]
[SourceQuality "1"]
[TimeControl "5400+30"]

1. Nf3 d5 2. d4 Nf6 3. c4 c6 4. Qb3 e6 5. Bg5 Nbd7 6. Nc3 Be7 {[%emt 0:00:19] 6...h6 injects fresh life into this line.} 7. e3 h6 {[%emt 0:00:32] D43: Semi-Slav: 5 Bg5 h6.} 8. Bh4 Ne4 9. Bxe7 Qxe7 {[%emt 0:00:16] The position is equal.} 10. Bd3 f5 {[%emt 0:04:43] [#]} ({Black should try} 10... dxc4 $11 11. Qxc4 (11. Bxc4 Nd6 $11) 11... Nd6) 11. h4 $146 ({Predecessor:} 11. cxd5 exd5 12. O-O Qf7 13. Qa3 Qe7 14. Qxe7+ Kxe7 15. Nh4 Kf6 16. g3 g5 17. Ng2 {½-½ (43) Nickel,U (1650)-Wolski,G (1505) Mecklenburg VP 2012}) 11... b6 12. Ne2 Bb7 13. Nf4 Qd6 (13... Qf7 $142) 14. c5 $16 Nexc5 (14... Qb8 {is a better defense.} 15. cxb6 (15. Nxe6 Kf7 $14) 15... axb6) 15. dxc5 $18 Nxc5 16. Qc3 Rg8 (16... O-O $142 17. Ng6 Rfd8) 17. b4 Nd7 18. Nd4 Nf8 19. Rc1 Rc8 20. Qb2 g6 21. h5 {[%emt 0:08:49] Strongly threatening hxg6.} e5 {[%emt 0:09:42] [#]} (21... g5 {might work better.}) 22. Nxg6 exd4 23. Bxf5 Nxg6 24. Bxg6+ (24. hxg6 $18 dxe3 25. fxe3 (25. Bxc8 Bxc8 26. g7 exf2+ 27. Kxf2 Bd7 $14)) 24... Rxg6 {[%emt 0:04:27][%mdl 8192] This costs Black the game.} (24... Kd8 $16 {is tougher.}) 25. hxg6 Qxg6 26. Qxd4 Qxg2 (26... Kd7 $18 27. Qf4 Rh8) 27. Qe5+ {[%emt 0:00:37] White mates.} Kd7 28. Qf5+ Kc7 29. Qf4+ Kd7 30. Qf7+ {[%emt 0:00:33] Weighted Error Value: White=0.25 (precise) /Black=0.81} 1-0

[Event "IV Estrellas 2022"]
[Site "La Palma"]
[Date "2022.08.07"]
[Round "3.9"]
[White "Marrero Rodriguez, Jorge"]
[Black "Martinez Reyes, Pedro Ramon"]
[Result "0-1"]
[ECO "B01"]
[WhiteElo "1941"]
[BlackElo "2408"]
[Annotator "TA"]
[PlyCount "60"]
[EventDate "2022.08.06"]
[EventType "swiss"]
[EventCountry "ESP"]
[SourceTitle "playchess.com"]
[Source "ChessBase"]
[SourceQuality "1"]
[TimeControl "5400+30"]

1. e4 d5 2. exd5 Qxd5 3. Nc3 Qd8 4. d4 Nf6 5. Nf3 g6 6. h3 {[%emt 0:02:00] B01: Scandinavian Defence.} Bg7 7. Be3 a6 8. Bd3 {[%emt 0:02:56] White is slightly better.} Nc6 {[%emt 0:00:11] [#]} 9. Qe2 $146 ({Predecessor:} 9. a3 O-O 10. O-O Re8 11. Ne5 Nxe5 12. dxe5 Nd5 13. Nxd5 Qxd5 14. f4 c5 15. Qf3 Qxf3 {½-½ (15) Ahlich,T (1863)-Luther,H (1908) Zirndorf 2005}) 9... O-O 10. O-O b6 11. a3 Bb7 12. Rad1 e6 13. Bg5 h6 ({But not} 13... Nxd4 14. Nxd4 Qxd4 15. Be4 $1 Qxc3 16. bxc3 $16) 14. Be3 Ne7 15. Ne5 (15. Bf4 $14) 15... Nf5 $11 16. g4 (16. Rfe1 $11) 16... Nxd4 $17 17. Bxd4 Qxd4 18. Bxg6 Qf4 19. Nxf7 (19. Rfe1 $17 {is a better defense.}) 19... Rxf7 $19 20. Qxe6 {[%emt 0:02:26] [#]} Raf8 ({Better is} 20... Kh8 $1 $19 {[%cal Of4f3] Hoping for ...Qf3!} 21. Bxf7 (21. Qxf7 $2 {perishes.} Rf8 $19) 21... Qf3) 21. Bxf7+ (21. Rd3 $11) 21... Rxf7 $17 22. Rd3 {[%emt 0:00:59] Against Qf3} Bf8 {[%emt 0:07:56] White must now prevent ...Bd6. Chess con chili. A strong pair of Bishops.} 23. Rfd1 $2 {[%emt 0:19:58][%mdl 8192] Loses the game.} (23. Ne2 $15 Qe4 24. Qxe4 Nxe4 25. Nd4) 23... Bd6 $2 (23... Ne4 24. Rf1 Nxf2 25. Qxf7+ Kxf7) 24. Rxd6 $19 cxd6 $40 {[%emt 0:00:17][%mdl 128] Black goes for the king.} 25. Qxd6 $2 (25. Qe3 Qxe3 26. fxe3) 25... Qf3 26. Qh2 {[%emt 0:01:27] Against Qh1+} Re7 {[%emt 0:03:26][%cal Of3d1] ( -> ...Qxd1+!)} 27. Kf1 Ne4 {[%emt 0:02:35] Black mates.} 28. Rd8+ Kg7 29. Nxe4 Qxe4 30. f3 Qe1+ {[%emt 0:00:11] Weighted Error Value: White=0.92/Black=0.45} 0-1

[Event "IV Estrellas 2022"]
[Site "La Palma"]
[Date "2022.08.07"]
[Round "3.10"]
[White "Pierrot, Facundo"]
[Black "Santos Ramos, Carlos"]
[Result "1-0"]
[ECO "C06"]
[WhiteElo "2371"]
[BlackElo "1855"]
[Annotator "RC"]
[PlyCount "73"]
[EventDate "2022.08.06"]
[EventType "swiss"]
[EventCountry "ESP"]
[SourceTitle "playchess.com"]
[Source "ChessBase"]
[SourceQuality "1"]
[TimeControl "5400+30"]

1. e4 e6 2. d4 d5 3. Nd2 Nf6 4. e5 Nfd7 5. Bd3 c5 6. c3 Nc6 7. Ne2 Qb6 8. Nf3 cxd4 9. cxd4 Bb4+ 10. Bd2 O-O 11. O-O Bxd2 12. Qxd2 f6 13. exf6 Nxf6 14. Rad1 Bd7 15. Nf4 Nxd4 16. Nxd4 e5 17. Nxd5 Nxd5 18. Bc4 Bc6 19. Nxc6 bxc6 20. Bxd5+ cxd5 21. Qxd5+ Kh8 22. Qxe5 Rae8 23. Qd4 Qa6 24. a3 h6 25. g3 Qb7 26. Rfe1 Rxe1+ 27. Rxe1 Qf7 28. b4 Qa2 29. Qxa7 Qd5 30. Qc5 Qf3 31. a4 Rd8 32. a5 Qa8 33. Ra1 Rc8 34. Qe5 Re8 35. Qb2 Qf3 36. a6 Re2 37. Qc2 1-0

[Event "IV Estrellas 2022"]
[Site "La Palma"]
[Date "2022.08.07"]
[Round "3.11"]
[White "Carraminana Lopez, Luis Antonio"]
[Black "Pap, Misa"]
[Result "0-1"]
[ECO "B51"]
[WhiteElo "1910"]
[BlackElo "2375"]
[Annotator "RC"]
[PlyCount "54"]
[EventDate "2022.08.06"]
[EventType "swiss"]
[EventCountry "ESP"]
[SourceTitle "playchess.com"]
[Source "ChessBase"]
[SourceQuality "1"]
[TimeControl "5400+30"]

1. e4 c5 2. Nf3 Nc6 3. Bb5 d6 4. Bxc6+ bxc6 5. O-O Bg4 6. e5 dxe5 7. h3 Bh5 8. g4 Bg6 9. Nxe5 f6 10. Nxg6 hxg6 11. Qf3 Qd7 12. c3 Qd5 13. Qxd5 cxd5 14. d4 Rxh3 15. Bf4 e6 16. Nd2 Kd7 17. Kg2 Rh4 18. f3 Bd6 19. Bg3 Rh8 20. Nb3 cxd4 21. Nxd4 Bxg3 22. Kxg3 e5 23. Nc2 Ne7 24. Rad1 g5 25. Ne3 Ke6 26. Rf2 g6 27. Rh2 f5 0-1

[Event "IV Estrellas 2022"]
[Site "La Palma"]
[Date "2022.08.07"]
[Round "3.12"]
[White "Perez Bolanos, Joel"]
[Black "Martin Rodriguez, Jose Carlos"]
[Result "1-0"]
[ECO "E71"]
[WhiteElo "2036"]
[BlackElo "1804"]
[Annotator "RC"]
[PlyCount "69"]
[EventDate "2022.08.06"]
[EventType "swiss"]
[EventCountry "ESP"]
[SourceTitle "playchess.com"]
[Source "ChessBase"]
[SourceQuality "1"]
[TimeControl "5400+30"]

1. d4 d6 2. c4 Nf6 3. Nc3 g6 4. e4 Bg7 5. h3 Nc6 6. d5 Nb8 7. Be3 e5 8. Nge2 O-O 9. g4 c6 10. Ng3 cxd5 11. cxd5 a6 12. a4 Nbd7 13. Be2 Qa5 14. Rb1 Qb4 15. Bd2 Nc5 16. Nb5 Qb3 17. Qxb3 Nxb3 18. Nxd6 Rd8 19. Nc4 Nd7 20. Be3 Bf8 21. O-O f6 22. Bd1 Nd4 23. Bxd4 exd4 24. Ne2 b5 25. Na5 Nc5 26. f3 d3 27. Nc3 Bd7 28. axb5 axb5 29. Nc6 Bxc6 30. dxc6 Rdc8 31. Nxb5 Rxc6 32. b4 Nd7 33. Bb3+ Kg7 34. Bd5 Ne5 35. f4 1-0

[Event "IV Estrellas 2022"]
[Site "La Palma"]
[Date "2022.08.07"]
[Round "3.13"]
[White "Gil Jimenez, David"]
[Black "Diaz Perez, Michel Alejandro"]
[Result "1/2-1/2"]
[ECO "D36"]
[WhiteElo "1871"]
[BlackElo "2433"]
[Annotator "TA"]
[PlyCount "103"]
[EventDate "2022.08.06"]
[EventType "swiss"]
[EventCountry "ESP"]
[SourceTitle "playchess.com"]
[Source "ChessBase"]
[SourceQuality "1"]
[TimeControl "5400+30"]

1. d4 d5 2. c4 e6 3. Nc3 Nf6 4. cxd5 exd5 5. Bg5 Be7 6. e3 Nbd7 7. Nf3 c6 8. Bd3 O-O 9. Qc2 Re8 10. O-O Nf8 11. Rab1 g6 12. b4 Ne6 13. Bh4 a6 {[%emt 0:01:09] D36: Queen's Gambit Declined: Exchange Variation: Main line (5 Bg5 c6 6 Qc2).} 14. Na4 {[%emt 0:06:59] [#]} Nh5 $146 ({Predecessor:} 14... Ng7 15. Nc5 Ra7 16. Ne5 Bf5 17. a4 Bxd3 18. Nexd3 Nf5 19. Bxf6 Bxf6 20. b5 axb5 21. axb5 {1-0 (56) Sohal,T (2263)-Li,Y (2011) Kitchener 2015}) 15. Bxe7 Qxe7 {[%emt 0:00:27] White has an edge.} 16. Nb6 Rb8 17. Nxc8 Rbxc8 18. a4 Ng5 19. Nxg5 Qxg5 20. Rbc1 (20. b5 $14) 20... f5 $11 21. f4 (21. Be2 $11 {keeps the balance.}) 21... Qe7 $17 22. Rfe1 ({Better is} 22. Rce1) 22... Qxb4 23. Rb1 Qe7 24. a5 Nf6 25. h3 Rc7 26. Rb3 Rec8 27. Qb2 Ne8 28. Qa2 Nd6 29. Rc3 Rd8 30. Re2 Nb5 31. Rc5 Qd6 32. g3 Re7 33. Kg2 Kg7 34. Qb3 Qc7 (34... Rde8 $19 35. Qb4 Re6) 35. Qb4 Rde8 36. Kf2 b6 (36... Nd6 $17 37. Rc1 Re6) 37. axb6 $15 Qxb6 38. Bxb5 axb5 39. Qc3 (39. Rc3 $15) 39... Re6 $17 40. Rc2 b4 41. Qb3 (41. Qa1 $17) 41... Ra8 $2 {[%emt 0:03:34] [#]} (41... Rxe3 $19 42. Qxe3 Rxe3 43. Kxe3 b3) 42. Rb2 Rb8 ({Black should try} 42... Ra1 $17 {Strongly threatening ...Re8.} 43. Rb1 Rxb1 44. Qxb1 Re7) 43. Ra2 (43. Qa4 $15) 43... Kf6 (43... Re7 $17 44. Rc1 Rbe8) 44. Rca5 Rbe8 45. Ra6 Qb5 $36 {[%emt 0:00:50][%mdl 2048] Black fights for an advantage.} 46. Ra7 $2 {[%emt 0:00:30][%mdl 8192] [#]} (46. R2a5 $15 Qb8 47. Ra8) 46... Qc4 $2 (46... Rxe3 $19 {and Black stays clearly on top.} 47. Qxe3 Rxe3 48. Kxe3 b3) 47. Rb2 Rxe3 48. Qxc4 dxc4 49. Rxb4 Re2+ 50. Kf1 Rc2 (50... Re1+ $17 51. Kf2 R8e2+ 52. Kf3 Re3+ 53. Kf2 R1e2+ 54. Kf1 Ke6 55. Rxc4 Kd5) 51. Ra6 $2 (51. d5 $1 $11) 51... Re6 $2 (51... Ke6 $19 {White must now prevent ...Kd5.} 52. Rb5 Kd7) 52. Rbb6 {[%emt 0:00:32] Weighted Error Value: White=0.44/Black=0.61} 1/2-1/2

[Event "IV Estrellas 2022"]
[Site "La Palma"]
[Date "2022.08.07"]
[Round "3.14"]
[White "Hernandez Garcia, Joaquin"]
[Black "Miranda Herrera, Miguel"]
[Result "0-1"]
[ECO "A96"]
[WhiteElo "1332"]
[BlackElo "1904"]
[Annotator "TA"]
[PlyCount "50"]
[EventDate "2022.08.06"]
[EventType "swiss"]
[EventCountry "ESP"]
[SourceTitle "playchess.com"]
[Source "ChessBase"]
[SourceQuality "1"]
[TimeControl "5400+30"]

1. d4 e6 2. c4 f5 3. g3 Nf6 4. Bg2 Be7 5. Nf3 O-O 6. Nc3 d6 7. Qc2 a5 8. O-O Nc6 9. e4 fxe4 {[%emt 0:06:15] A96: Classical Dutch: Fluid Systems: Early deviations.} 10. Nxe4 Nxe4 11. Qxe4 d5 {[%emt 0:00:02] White is slightly better.} 12. Qe2 Bf6 13. Rd1 {[%emt 0:03:50] [#]} dxc4 $146 ({Predecessor:} 13... Kh8 14. Bf4 Ne7 15. Ne5 b6 16. Rac1 Bb7 17. c5 Ba6 18. Qg4 Nf5 19. cxb6 cxb6 {½-½ (47) Van Wely,L (2610)-Reinderman,D (2575) Amstelveen 2019}) 14. Bf4 Nb4 15. Qxc4 Nd5 16. Be5 Ra6 17. Rac1 Rc6 18. Qb3 Rb6 19. Qa3 ({Better is} 19. Bxf6 $16 gxf6 20. Qa3) 19... Bd7 {[%emt 0:08:51] [#]} (19... Be7 $1 $11 {remains equal.} 20. Qxa5 Rxb2) 20. Nd2 ({Don't play} 20. Qxa5 $6 Rxb2 21. Qa3 (21. Bxc7 Nxc7 22. Qxc7 Qxc7 $11) 21... Rb6 $11) ({White should play} 20. Bxf6 $1 $16 gxf6 21. Nd2) 20... Be7 $11 21. Qd3 {[%emt 0:00:23] Strongly threatening Bxd5.} ({Not} 21. Qxa5 $2 Ra6 22. Qxa6 bxa6 $19) 21... Rxb2 22. Be4 Bf6 (22... h6 $11 23. Bxd5 exd5) 23. Bxh7+ $14 Kh8 {[%emt 0:00:03] [#] ...Bb5 is the strong threat.} 24. Bg6 (24. Be4 $1 $14 Bxe5 25. dxe5) 24... Bxe5 $1 $11 (24... Rxa2 $2 25. Qf3 Kg8 26. Qh5 $18) 25. Qe2 $2 (25. dxe5 $11 Qg5 26. Be4) 25... Qg5 {[%emt 0:00:53] Weighted Error Value: White=0.51/Black=0.19 (very precise)} 0-1

[Event "IV Estrellas 2022"]
[Site "La Palma"]
[Date "2022.08.07"]
[Round "3.15"]
[White "Antic, Dejan"]
[Black "Chitsazian, Daniel"]
[Result "1-0"]
[ECO "A13"]
[WhiteElo "2452"]
[BlackElo "1767"]
[Annotator "TA"]
[PlyCount "95"]
[EventDate "2022.08.06"]
[EventType "swiss"]
[EventCountry "ESP"]
[SourceTitle "playchess.com"]
[Source "ChessBase"]
[SourceQuality "1"]
[TimeControl "5400+30"]

1. Nf3 d5 2. e3 Nf6 3. c4 e6 4. b3 c5 5. Bb2 Nc6 6. cxd5 Nxd5 {[%emt 0:02:02] A13: English Opening: 1...e6.} 7. Nc3 Nxc3 8. Bxc3 {[%emt 0:01:08] [#]} Qc7 $146 {[%emt 0:05:57] White is slightly better.} ({Predecessor:} 8... Bd7 9. h4 h6 10. Qb1 Qc7 11. Bd3 Nb4 12. Bxb4 cxb4 13. Qb2 Qd6 14. Ne5 Be7 {1-0 (67) Urazayev,A (2438)-Andrejevs,A (2224) Chess.com INT 2022}) 9. Rc1 b6 10. d4 (10. Bc4 $16) 10... cxd4 (10... Bb7 $1 $11) 11. Nxd4 $16 Bb7 12. Bb5 Ba3 13. Rc2 O-O {[%emt 0:03:21] aiming for ...Nb4.} 14. Nxc6 Bxc6 {[%emt 0:01:36] [#]} 15. Qg4 $1 e5 {[%emt 0:02:37] [#]} (15... f5 $2 16. Qc4 Rac8 17. Qxe6+ Qf7 18. Bc4 $18) (15... g6 16. Bf6) 16. Ba1 (16. Bxc6 $1 $16 Qxc6 {[#]} 17. Bxe5 $1 Bb4+ 18. Kd1 Qd5+ 19. Bd4) 16... Bc5 (16... Bd7 $1 $11 17. Rxc7 Bxg4) 17. Bxc6 $40 {[%emt 0:03:07][%mdl 128] White goes for the king.} Qxc6 18. O-O (18. Bxe5 $16 Bb4+ 19. Kd1 Qd5+ 20. Bd4) 18... Rfe8 $11 19. b4 Qa4 $1 20. Rc4 Bd6 (20... Bf8 $5 ) 21. f4 Qxa2 22. Rc6 (22. fxe5 $1 $11 Bf8 23. Rc7) 22... Qd5 $17 23. b5 a6 $2 (23... Qd3 $17 {and life is bright. Hoping for ...Bc5.} 24. fxe5 (24. Rxd6 $2 Qxd6 25. Bxe5 Qg6 $19) 24... Qxe3+ 25. Kh1 Bxe5) 24. Rd1 $18 {[%emt 0:00:28][%mdl 64] Skewer} Qe4 {[%emt 0:01:25] And now ...Bf8 would win.} 25. Rcxd6 ({Resist} 25. Rdxd6 axb5 26. Bb2 (26. Bxe5 Rxe5 27. Rc8+ Re8 $15) 26... Qxe3+ 27. Kf1 h6 $16) 25... Qxe3+ 26. Kf1 f5 $2 {[%emt 0:03:49] Loses the game.} (26... Qxf4+ $16 27. Qxf4 exf4 28. Rxb6 axb5 29. Rxb5 h6) 27. Qg3 Qxf4+ (27... Qxg3 28. hxg3 axb5 29. Bxe5 Kf7 30. Rxb6 Rad8) 28. Qxf4 exf4 29. Rd7 axb5 30. Rxg7+ Kf8 {[%emt 0:00:22][%cal Oa8a1] ...Rxa1! is the strong threat.} 31. Rxh7 Ra2 (31... Kg8 $18) 32. Bf6 Ree2 33. Rd8+ Re8 34. Rh8+ (34. Rdd7 $142 Ra1+ 35. Bxa1 Re7 36. Rdxe7 f3 37. gxf3 b4 38. Bf6 Kg8 39. Rh8#) 34... Kf7 35. Rhxe8 {[%emt 0:00:06] Black must now prevent Rf8+.} Kxf6 36. Rd6+ Kg5 37. Rg8+ {[%emt 0:00:09] White mates.} Kh5 38. Rxb6 Rb2 39. Rf6 b4 40. Rxf5+ Kh6 41. Rxf4 Rb1+ 42. Kf2 Rb2+ 43. Ke3 Rb3+ 44. Kd4 Kh7 45. Rg3 Rxg3 46. hxg3 b3 47. Kc3 b2 48. Kxb2 {[%emt 0:00:05] Weighted Error Value: White=0.37/Black=0.85} 1-0

[Event "IV Estrellas 2022"]
[Site "La Palma"]
[Date "2022.08.07"]
[Round "3.16"]
[White "Capote Robayna, Nathaniel"]
[Black "Camps Abadia, Arnau"]
[Result "1-0"]
[ECO "A80"]
[WhiteElo "2150"]
[BlackElo "1782"]
[Annotator "RC"]
[PlyCount "59"]
[EventDate "2022.08.06"]
[EventType "swiss"]
[EventCountry "ESP"]
[SourceTitle "playchess.com"]
[Source "ChessBase"]
[SourceQuality "1"]
[TimeControl "5400+30"]

1. d4 e6 2. Bf4 f5 3. Nf3 Nf6 4. e3 b6 5. Be2 Bb7 6. O-O Be7 7. c4 O-O 8. h3 Ne4 9. Bh2 Bf6 10. Nc3 Nxc3 11. bxc3 d6 12. Rc1 Nd7 13. Qb3 Qe7 14. c5 Kh8 15. cxd6 cxd6 16. Qa3 e5 17. dxe5 Bxe5 18. Nxe5 Nxe5 19. Rfd1 Qg5 20. Bg3 f4 21. exf4 Rxf4 22. Qxd6 Re8 23. Bf1 Rf6 24. Qxe5 Qg6 25. Qc7 Rf7 26. Rd7 Rxd7 27. Qxd7 Bc8 28. Qd6 Qf7 29. Bb5 Rf8 30. Re1 1-0

[Event "IV Estrellas 2022"]
[Site "La Palma"]
[Date "2022.08.07"]
[Round "3.17"]
[White "Ramirez Maillo, Juan Adonay"]
[Black "Perez Bolanos, David"]
[Result "0-1"]
[ECO "B22"]
[WhiteElo "1853"]
[BlackElo "2041"]
[Annotator "RC"]
[PlyCount "61"]
[EventDate "2022.08.06"]
[EventType "swiss"]
[EventCountry "ESP"]
[SourceTitle "playchess.com"]
[Source "ChessBase"]
[SourceQuality "1"]
[TimeControl "5400+30"]

1. e4 c5 2. c3 Nf6 3. e5 Nd5 4. g3 d6 5. exd6 Qxd6 6. Bg2 e6 7. Ne2 Nc6 8. O-O Be7 9. Na3 Bf6 10. d4 cxd4 11. Nb5 Qc5 12. c4 Nce7 13. cxd5 Qxb5 14. Nxd4 Qc4 15. d6 Qxd4 16. Qxd4 Bxd4 17. Rd1 e5 18. dxe7 Kxe7 19. Kf1 Bf5 20. Bxb7 Rab8 21. Bd5 Bxb2 22. Bxb2 Rxb2 23. Rac1 Rd8 24. Rc7+ Rd7 25. Rdc1 Rxc7 26. Rxc7+ Kd6 27. Rxf7 Bd3+ 28. Ke1 Kxd5 29. Rxa7 Re2+ 30. Kd1 Rxf2 31. Rxg7 0-1

[Event "IV Estrellas 2022"]
[Site "La Palma"]
[Date "2022.08.07"]
[Round "3.18"]
[White "Amador Garcia, Ismael"]
[Black "Bethencourt Hernandez, Alberto"]
[Result "1-0"]
[ECO "B31"]
[WhiteElo "2128"]
[BlackElo "1681"]
[Annotator "RC"]
[PlyCount "147"]
[EventDate "2022.08.06"]
[EventType "swiss"]
[EventCountry "ESP"]
[SourceTitle "playchess.com"]
[Source "ChessBase"]
[SourceQuality "1"]
[TimeControl "5400+30"]

1. e4 c5 2. Nf3 Nc6 3. Bb5 g6 4. O-O Bg7 5. Re1 Nf6 6. h3 O-O 7. a4 a6 8. Bxc6 bxc6 9. e5 Nd5 10. Na3 d6 11. Nc4 Nb6 12. Nxb6 Qxb6 13. a5 Qc7 14. Qe2 Bf5 15. d3 Rab8 16. b3 Rb5 17. Bd2 dxe5 18. Ra4 f6 19. Qe3 Rd8 20. Bc3 Qd6 21. Nd2 g5 22. Nc4 Qc7 23. Na3 Rbb8 24. Qxc5 e6 25. Qe3 Bf8 26. Nc4 Rb5 27. Qf3 Kg7 28. Bd2 Bc5 29. Be3 Bd4 30. Bxd4 Rxd4 31. Raa1 Rf4 32. Qe3 e4 33. dxe4 Rxe4 34. Qc3 Rxe1+ 35. Rxe1 e5 36. Rd1 Rd5 37. Ne3 Rxd1+ 38. Nxd1 Qd6 39. Ne3 Be6 40. Qc4 Bxc4 41. Nf5+ Kf8 42. Nxd6 Be6 43. Ne4 Ke7 44. c4 h6 45. Kf1 f5 46. Nc5 Bc8 47. Ke2 Kd6 48. b4 e4 49. f3 exf3+ 50. Kxf3 Ke5 51. Ke3 f4+ 52. Kd3 h5 53. b5 cxb5 54. cxb5 axb5 55. a6 Bxa6 56. Nxa6 g4 57. hxg4 hxg4 58. Nb4 Kf5 59. Nc6 f3 60. g3 Kf6 61. Ke3 Kg5 62. Nb4 Kf5 63. Nd3 Ke6 64. Kd4 Kf5 65. Nf2 b4 66. Kc4 Ke5 67. Kxb4 Kd4 68. Nxg4 Kd3 69. Kc5 Ke2 70. Kd4 Kf1 71. Ke3 Kg2 72. Kf4 Kh3 73. Nf2+ Kg2 74. Ne4 1-0

[Event "IV Estrellas 2022"]
[Site "La Palma"]
[Date "2022.08.08"]
[Round "4.1"]
[White "Del Rio De Angelis, Salvador G."]
[Black "Herrera Reyes, Jose Antonio"]
[Result "1-0"]
[ECO "E10"]
[WhiteElo "2442"]
[BlackElo "2345"]
[Annotator "RC"]
[PlyCount "105"]
[EventDate "2022.08.06"]
[EventType "swiss"]
[EventCountry "ESP"]
[SourceTitle "playchess.com"]
[Source "ChessBase"]
[SourceQuality "1"]
[TimeControl "5400+30"]

1. d4 Nf6 2. c4 c5 3. d5 b5 4. Nf3 e6 5. Bf4 d6 6. dxe6 fxe6 7. cxb5 Be7 8. Nc3 O-O 9. e3 a6 10. h3 Bb7 11. bxa6 Nxa6 12. Be2 Nc7 13. O-O Nfd5 14. Nxd5 Bxd5 15. Qc2 Qe8 16. Nd2 Qc6 17. Bf3 Bxf3 18. Nxf3 Rf6 19. Bg3 Rg6 20. Nd4 Qb7 21. Ne2 Rf8 22. Rad1 Nd5 23. e4 Nb4 24. Qb1 e5 25. a3 Nc6 26. b4 cxb4 27. axb4 Bd8 28. b5 Ne7 29. Kh2 Bb6 30. f4 Ra8 31. f5 Rf6 32. Bh4 Bc5 33. Bxf6 gxf6 34. Rf3 Kh8 35. Ng3 Ng8 36. Qb3 Qg7 37. Rb1 Rb8 38. Qe6 Qg5 39. b6 Rb7 40. Qd5 Rxb6 41. Rxb6 Bxb6 42. Qxd6 Ba7 43. Qd1 Nh6 44. Ra3 Bf2 45. Ra8+ Ng8 46. Qg4 Qxg4 47. hxg4 Kg7 48. Rb8 h6 49. Rb7+ Kf8 50. Nh5 Bh4 51. Ng7 Bg5 52. Ne6+ Ke8 53. Rb8+ 1-0

[Event "IV Estrellas 2022"]
[Site "La Palma"]
[Date "2022.08.08"]
[Round "4.2"]
[White "Garcia Blanco, Omar"]
[Black "Baskin, Robert"]
[Result "0-1"]
[ECO "B13"]
[WhiteElo "2352"]
[BlackElo "2408"]
[Annotator "RC"]
[PlyCount "110"]
[EventDate "2022.08.06"]
[EventType "swiss"]
[EventCountry "ESP"]
[SourceTitle "playchess.com"]
[Source "ChessBase"]
[SourceQuality "1"]
[TimeControl "5400+30"]

1. e4 c6 2. d4 d5 3. exd5 cxd5 4. c4 Nf6 5. Nc3 Nc6 6. Nf3 Bg4 7. cxd5 Nxd5 8. Qb3 Bxf3 9. gxf3 e6 10. Qxb7 Nxd4 11. Bb5+ Nxb5 12. Qc6+ Ke7 13. Qc5+ Nd6 14. Nxd5+ exd5 15. O-O Qc8 16. Qxd5 Qb7 17. Qe5+ Kd7 18. Bf4 Re8 19. Qd4 Re6 20. Rac1 Rg6+ 21. Bg3 h5 22. h4 Be7 23. Qa4+ Kd8 24. Rfd1 Rhh6 25. Rc6 Rxg3+ 26. fxg3 Rg6 27. Kf2 Qxb2+ 28. Rc2 Qb7 29. Kg2 Re6 30. Rd3 Re5 31. Qd4 f6 32. Qc4 g5 33. Qf7 Qd7 34. Qg8+ Qe8 35. Qc4 Qd7 36. Qb3 Qb5 37. Qg8+ Qe8 38. Qc4 Qd7 39. Qb4 Ke8 40. Rcd2 Qb5 41. Qd4 gxh4 42. Qxa7 hxg3 43. Qa8+ Kf7 44. Qh8 Ne8 45. f4 Re1 46. Kxg3 Qf5 47. Kf2 Re4 48. Rf3 Bf8 49. Rb2 Rxf4 50. Rb7+ Be7 51. Rbb3 Bc5+ 52. Kg2 Qg4+ 53. Rg3 Rf2+ 54. Kh1 Qd1+ 55. Rg1 Qd5+ 0-1

[Event "IV Estrellas 2022"]
[Site "La Palma"]
[Date "2022.08.08"]
[Round "4.3"]
[White "Hernandez Leon, Sergio"]
[Black "Pulvett Marin, Daniel Eduardo"]
[Result "0-1"]
[ECO "B47"]
[WhiteElo "2094"]
[BlackElo "2523"]
[Annotator "TA"]
[PlyCount "64"]
[EventDate "2022.08.06"]
[EventType "swiss"]
[EventCountry "ESP"]
[SourceTitle "playchess.com"]
[Source "ChessBase"]
[SourceQuality "1"]
[TimeControl "5400+30"]

1. e4 c5 2. Nf3 e6 3. d4 cxd4 4. Nxd4 Nc6 5. Nc3 Qc7 6. g3 a6 7. Bg2 Nf6 8. O-O Nxd4 9. Qxd4 Bc5 10. Bf4 d6 11. Qd2 h6 12. Rad1 e5 13. Be3 Bb4 {[%emt 0:00:30] [#] B47: Sicilian: Taimanov: 5 Nc3 Qc7 6 f4, 6 g3 and 6 Be2.} 14. Nb5 $1 axb5 15. Qxb4 Rxa2 {[%emt 0:00:30] White is slightly better.} 16. Qxb5+ Bd7 {[%emt 0:00:30][%cal Bc8d7,Bd7c6,Bc6a4][%mdl 32] [#]} 17. Qb3 $146 (17. Qb4 $5 ) ({Predecessor:} 17. Qb4 Ra6 18. h3 O-O 19. Rd2 b5 20. Rfd1 Rfa8 21. Kh2 Ne8 {1-0 (38) Kurmangaliyeva,L (2322)-Gokcek,K (2089) Paracin 2021}) 17... Ra6 18. Ra1 O-O 19. h3 Rfa8 20. Rxa6 Rxa6 21. c3 Bc6 22. Qc4 Ra4 23. b4 Qd7 {[%emt 0:00:30] [#] aiming for ...Bb5.} 24. Qd3 Ra3 {[%emt 0:00:30] Threatens to win with ...Bb5.} 25. Rd1 Ba4 $1 26. Rd2 Qc6 ({Better is} 26... Ne8 $1 $15) 27. Qxd6 $11 Qxc3 28. Qe7 ({But not} 28. Bc5 Kh7 $15) 28... Kh7 29. Rd6 ({Avoid the trap} 29. Qxb7 $2 Qc1+ 30. Kh2 Ra1 $19) (29. Kh2 $11 {remains equal.} Ra1 30. g4) 29... Ra1+ 30. Kh2 $1 {[%emt 0:00:30] Black must now prevent Rxf6.} Qe1 31. g4 $2 (31. h4 $15 Qxb4 32. f3) 31... Qg1+ $19 32. Kg3 Nxe4+ $1 {[%emt 0:00:30] Weighted Error Value: White=0.44/Black=0.10 (very precise)} 0-1